 Dungeon Crawl Stone Soup version 0.31-a0-200-gbc41564c69 (webtiles) character file.

Game seed: 13220904377640260560

162 qw the Skirmisher (level 5, -1/29 HPs)
             Began as a Deep Elf Hunter on June 25, 2023.
             Slain by a kobold
             ... wielding a +0 short sword
              (4 damage)
             ... in a sewer.
             The game lasted 00:00:53 (2175 turns).

qw the Skirmisher (Deep Elf Hunter)                 Turns: 2175, Time: 00:00:54

Health: -1/29      AC:  6    Str: 16      XL:     5   Next: 19%
Magic:  7/7        EV: 10    Int: 14      God:
Gold:   196        SH:  0    Dex:  8 (18) Spells: 4/4 levels left

rFire   . . .        Y - +1 shortbow (drain)
rCold   . . .        (shield currently unavailable)
rNeg    . . .        f - +0 ring mail
rPois   .            (no helmet)
rElec   .            (no cloak)
rCorr   .            e - +0 pair of gloves
SInv    .            (no boots)
Will    .....        (no amulet)
Stlth   +            b - +6 ring of strength
HPRegen 0.24/turn    (no ring)
MPRegen 0.10/turn

%: no passive effects
@: no status effects
A: no striking features
a: no special abilities


You were in a sewer.
You visited 1 branch of the dungeon, and saw 3 of its levels.
You also visited: Sewer.

You collected 196 gold pieces.


   Skills:
 - Level 1.5 Fighting
 + Level 8.6 Ranged Weapons
 - Level 2.4 Dodging
 - Level 1.2 Stealth


You had 4 spell levels left.
You didn't know any spells.
Your spell library was empty.

Inventory:

Hand Weapons
 Y - a +1 shortbow of draining (weapon)
Armour
 e - a +0 pair of gloves (worn)
 f - a +0 ring mail (worn)
Jewellery
 b - a +6 ring of strength (left hand)
Scrolls
 d - a scroll of identify
Potions
 a - a potion of magic {unknown}
 c - a potion of brilliance {unknown}
 i - a potion of degeneration {unknown}

Dungeon Overview and Level Annotations

Branches:
Dungeon (3/15)              Sewer (1/1)

Altars:
Okawaru


Message History

The quasit claws you but does no damage.
The quasit claws you.
You feel clumsy. The kobold closely misses you.
The kobold completely misses you.
You shoot an arrow. The arrow misses the quasit.
The quasit barely misses you.
The quasit claws you but does no damage. x2
The kobold hits you but does no damage.
The quasit bites you but does no damage.
The quasit misses you.
The quasit claws you but does no damage.
The kobold barely misses you.
You shoot an arrow. The arrow closely misses the quasit.
The kobold hits you with a +0 whip. The quasit closely misses you. x3
The kobold barely misses you. The kobold closely misses you.
You shoot an arrow. The arrow hits the quasit.
You kill the quasit!
The kobold hits you but does no damage. The kobold barely misses you.
You feel your dexterity returning.
You have reached level 5!
You shoot an arrow. The arrow closely misses the kobold.
The kobold hits you with a +0 short sword.
The kobold hits you but does no damage.
You shoot an arrow. The arrow closely misses the kobold.
The kobold hits you but does no damage. The kobold hits you with a +0 whip.
You shoot an arrow.
The arrow hits the kobold but does no damage.
The kobold is moderately wounded.
The kobold misses you. The kobold barely misses you.
You shoot an arrow. The arrow hits the kobold.
You drain the kobold.
You kill the kobold!
The kobold closely misses you.
You shoot an arrow. The arrow closely misses the kobold.
The kobold barely misses you.
The kobold hits you with a +0 short sword.
You shoot an arrow. The arrow barely misses the kobold.
The kobold misses you.
You shoot an arrow. The arrow barely misses the kobold.
The kobold hits you with a +0 short sword.
You die...

~~~~~~~~~~~~~.#
~~~~~~~~~~~~~.#.~~
~~~~~~~~~~~...#.~~# +++
~~~~~~~~~~....#..~# ....
##~#~~###~#.####.###..ยค.
............~~#)..#...
........)..~~~~)).'.
.......)....~~#).K#
#~##~##~###.####@##
~~~~~~~~~~~...#.~~#
~~~~~~~~~~~~..#.~~#
~~~~~~~~~~~~~.#.%~#
~~~~~~~~~~~~..#..~#
~~~~~~~~~~~~~.#..~#
~~~~~~~~~~~~~.'.~~#
###################


You could see a kobold.

Vanquished Creatures
  A quasit (Sewer)
  2 adders
  A shadow imp (Sewer)
  2 ufetubi (Sewer)
  An adder zombie (Sewer)
  9 ball pythons
  A bat zombie (Sewer)
  8 endoplasms
  10 giant cockroaches
  8 goblins
  7 hobgoblins
  2 jackals (D:2)
  3 quokkas
  2 bats
  2 frilled lizards
  A giant cockroach zombie (Sewer)
  11 kobolds
  A kobold zombie (Sewer)
  9 rats
81 creatures vanquished.

Vanquished Creatures (others)
  An adder zombie (Sewer)
1 creature vanquished.

Grand Total: 82 creatures vanquished

Notes
Turn   | Place    | Note
-------+----------+-------------------------------------------
     0 | D:1      | qw the Deep Elf Hunter began the quest for the Orb.
     0 | D:1      | Reached XP level 1. HP: 12/12 MP: 3/3
     0 | D:1      | 0 ||| qw: Version: 0.3-a-22-g0ed2b0b
     0 | D:1      | 0 ||| qw: Game counter: 5522
     0 | D:1      | 0 ||| qw: Melee chars always use a shield: true
     0 | D:1      | 0 ||| qw: God list: Okawaru
     0 | D:1      | 0 ||| qw: Allow faded altars: false
     0 | D:1      | 0 ||| qw: Do Orc after clearing Dungeon:15 true
     0 | D:1      | 0 ||| qw: Do second Lair branch before Depths: true
     0 | D:1      | 0 ||| qw: Lair rune preference: random
     0 | D:1      | 0 ||| qw: Goals: Normal
     0 | D:1      | 0 ||| PLANNING D:1-11
   242 | D:1      | Reached skill level 6 in Ranged Weapons
   242 | D:1      | Reached XP level 2. HP: 14/16 MP: 4/4
   931 | D:1      | 931 ||| UPGRADING to +0 pair of gloves.
   936 | D:1      | 936 ||| UPGRADING to +0 ring mail.
   946 | D:1      | 946 ||| DROPPING +0 leather armour.
   947 | D:1      | 947 ||| READING scroll labelled NIAPPI WYUMYR.
   948 | D:1      | 948 ||| READING scroll labelled PIMAACR MIUCISK.
   949 | D:1      | 949 ||| READING scroll labelled MEUQ KOCHESIESK.
   950 | D:1      | 950 ||| DROPPING scroll of butterflies.
   975 | D:2      | Reached XP level 3. HP: 20/20 MP: 5/5
  1131 | D:2      | Reached skill level 7 in Ranged Weapons
  1290 | D:2      | Found a faded altar of an unknown god.
  1460 | D:2      | 1460 ||| UPGRADING to +6 ring of strength.
  1461 | D:2      | 1461 ||| READING scroll labelled TUNLANT ZYRHI.
  1562 | D:2      | 1562 ||| READING scroll labelled VOUFRU ZAELISE.
  1579 | D:3      | 1579 ||| PLANNING SEWER
  1602 | D:3      | Found an iron altar of Okawaru.
  1610 | D:3      | Identified the +9 mace of the Well-Known Visions {freeze,
                  | rPois rC+ Int+4}
  1875 | D:3      | Reached XP level 4. HP: 25/25 MP: 6/6
  1988 | D:3      | 1988 ||| Stepping ~*~*~tactically~*~*~ (water).
  1991 | D:3      | 1991 ||| Stepping ~*~*~tactically~*~*~ (water).
  1993 | D:3      | 1993 ||| Stepping ~*~*~tactically~*~*~ (water).
  2020 | D:3      | Found a glowing drain.
  2026 | Sewer    | Entered a sewer
  2097 | Sewer    | Reached skill level 8 in Ranged Weapons
  2169 | Sewer    | Reached XP level 5. HP: 8/29 MP: 7/7
  2169 | Sewer    | HP: 7/29 [kobold/+0 short sword (2)]
  2170 | Sewer    | HP: 3/29 [kobold/+0 whip (4)]
  2175 | Sewer    | Slain by a kobold

Levels and vault maps discovered:
D:1:      sevenhm_arrival_forest_fort_small_3, layout_loops_corners,
          st_stairs_14
D:2:      layout_rooms, basic_ecumenical_altar, minmay_pentomino_z2
D:3:      layout_basic, nicolae_overflow_ecumenical_swirl,
          okawaru_ov_weapons_minmay, gup_sewer_entry_bubbles,
          hangedman_decor_clover_reticule, minmay_misc_feat_x
Sewer:    kennysheep_sewer_church

Skill      XL: |  1  2  3  4 |
---------------+-------------+-----
Ranged Weapons | 6 7 8 |  8.6
Fighting       | |  1.5
Dodging        | |  2.4
Stealth        | |  1.2

Action                     |  1- 3 |  4- 6 || total
---------------------------+-------+-------++-------
   Fire: Shortbow          |   108 |    99 ||   207
    Use: Scroll            |     5 |       ||     5
 Armour: Leather armour    |     5 |       ||     5
         Ring mail         |     3 |    62 ||    65
  Dodge: Dodged            |    18 |    78 ||    96

Table legend:
 A = Non-vault XP
 B = Vault XP
 C = Vault XP percentage of total XP
 D = Non-vault monster count
 E = Vault monster count
 F = Vault count percentage of total count
                 A         B        C        D         E       F
            +---------+---------+-------+---------+---------+-------
      Total |     112 |     120 |  51.7 |      53 |      28 |  34.6
            +---------+---------+-------+---------+---------+-------
        D:1 |      37 |       3 |   7.5 |      23 |       2 |   8.0
        D:2 |      52 |       3 |   5.5 |      23 |       2 |   8.0
        D:3 |      23 |       9 |  28.1 |       7 |       5 |  41.7
      Sewer |       0 |     105 | 100.0 |       0 |      19 | 100.0
            +---------+---------+-------+---------+---------+-------
